 Dungeon Crawl Stone Soup version 0.29.0-10-g45618ea6d2 (webtiles) character file.

Game seed: 16366688307831878320

81 vianneychevalier the Trooper (level 4, 0/40 HPs)
             Began as a Hill Orc Fighter on Sept 1, 2022.
             Was a Follower of Elyvilon.
             Slain by Crazy Yiuf
             ... wielding a +3 quarterstaff of chaos
              (1 damage)
             ... on level 2 of the Dungeon.
             The game lasted 00:05:36 (2221 turns).

vianneychevalier the Trooper (Hill Orc Fighter)     Turns: 2221, Time: 00:05:36

Health: 0/40       AC:  7    Str: 18    XL:     4   Next: 42%
Magic:  0/4        EV:  9    Int:  8    God:    Elyvilon [*.....]
Gold:   139        SH:  4    Dex: 12    Spells: 3/3 levels left

rFire   . . .      SeeInvis .   g - +2 dagger (speed)
rCold   . . .      Faith    .   c - +0 buckler
rNeg    . . .      Spirit   +   b - +0 scale mail
rPois   .          Reflect  .   (no helmet)
rElec   .          Harm     .   (no cloak)
rCorr   .          Rampage  .   (no gloves)
Will    .....                   (no boots)
Stlth   ..........              i - amulet of guardian spirit
HPRegen 0.13/turn               (no ring)
MPRegen 0.09/turn               (no ring)

@: lethally poisoned (0 -> -1)
A: no striking features
a: Renounce Religion, Purification


You were on level 2 of the Dungeon.
You worshipped Elyvilon.
Elyvilon was aware of your devotion.
You visited 1 branch of the dungeon, and saw 2 of its levels.

You collected 139 gold pieces.

Inventory:

Hand Weapons
 a - a +0 war axe
 g - a +2 dagger of speed (weapon)
Missiles
 l - 4 stones (quivered)
Armour
 b - a +0 scale mail (worn)
 c - a +0 buckler (worn)
Jewellery
 i - an amulet of guardian spirit (around neck)
 k - an amulet of the acrobat
Wands
 j - a wand of polymorph (10)
Scrolls
 f - 3 scrolls of identify
 h - a scroll of summoning {unknown}
 o - 2 scrolls of enchant armour {unknown}
Potions
 d - a potion of might
 e - a potion of curing {unknown}
 n - a potion of mutation {unknown}


   Skills:
 + Level 4.3 Fighting
 + Level 1.2 Short Blades
 + Level 2.9 Axes
 + Level 4.3 Armour
 + Level 0.8 Dodging
 + Level 3.5 Shields


You had 3 spell levels left.
You didn't know any spells.
Your spell library contained the following spells:

 Spells                   Type           Power      Damage    Failure   Level
 Magic Dart               Conj           0%         1d3       86%         1
 Searing Ray              Conj           0%         2d4       95%         2
 Fulminant Prism          Conj/Hex       0%         3d6       100%        4


Dungeon Overview and Level Annotations

Branches:
Dungeon (2/15)

Altars:
Elyvilon

Annotations:
D:2 Crazy Yiuf


Message History

You hit Crazy Yiuf but do no damage.
Crazy Yiuf is heavily wounded.
You feel sick.
Crazy Yiuf hits you with a +3 quarterstaff of chaos!
Crazy Yiuf burns you.
* * * LOW HITPOINT WARNING * * *
You hit Crazy Yiuf but do no damage.
Crazy Yiuf is heavily wounded.
You feel sick. You block Crazy Yiuf's attack.
You hit Crazy Yiuf.
Crazy Yiuf is heavily wounded.
You feel sick.
You hit Crazy Yiuf.
Crazy Yiuf is severely wounded.
Crazy Yiuf barely misses you.
You hit Crazy Yiuf.
Crazy Yiuf is almost dead.
You feel sick.
Crazy Yiuf yells, "Announcement rumpyflump broken!"
Crazy Yiuf closely misses you.
You closely miss Crazy Yiuf.
Crazy Yiuf is almost dead.
You feel sick.
You barely miss Crazy Yiuf.
Crazy Yiuf is almost dead.
Crazy Yiuf drinks a potion.
Crazy Yiuf is healed!
You hit Crazy Yiuf.
Crazy Yiuf is lightly wounded.
You feel sick.
Crazy Yiuf says, "Rot!
Tonal koolooloo verde."
You block Crazy Yiuf's attack.
You barely miss Crazy Yiuf.
Crazy Yiuf is lightly wounded.
You feel sick.
You barely miss Crazy Yiuf.
Crazy Yiuf is lightly wounded.
Crazy Yiuf hits you with a +3 quarterstaff of chaos.
* * * LOW HITPOINT WARNING * * *
Crazy Yiuf burns you.
You die...

********* ,,,,,,,,*
*#########♣♣ **###
*#..#...+..♣♣ ♣♣#..)#
*#........PP♣♣♣♣@g...#
*#.........P.♣..♣#...#
*#......'.P.♣.♣♣♣**###
*#>.....##♣♣♣♣♣
*#......#
*#..).>.#############
*#..................#
*#.........†........#
##..†.#.########....#


You could see Crazy Yiuf.

Vanquished Creatures
  4 adders (D:2)
  A worm (D:2)
  A ball python (D:1)
  5 giant cockroaches
  6 goblins
  4 hobgoblins
  4 jackals (D:1)
  2 quokkas (D:2)
  4 bats
  A frilled lizard (D:1)
  5 kobolds
  4 rats
41 creatures vanquished.

Vanquished Creatures (others)
  A fungus (D:2)
1 creature vanquished.

Grand Total: 42 creatures vanquished

Notes
Turn   | Place    | Note
-------+----------+-------------------------------------------
     0 | D:1      | vianneychevalier the Hill Orc Fighter began the quest for
                  | the Orb.
     0 | D:1      | Reached XP level 1. HP: 19/19 MP: 1/1
   169 | D:1      | Reached XP level 2. HP: 13/27 MP: 2/2
   833 | D:1      | Reached XP level 3. HP: 32/33 MP: 3/3
  1175 | D:2      | Found a faded altar of an unknown god.
  1197 | D:2      | Prayed at the altar of an unknown god.
  1197 | D:2      | Became a worshipper of Elyvilon the Healer
  1197 | D:2      | Reached * piety under Elyvilon
  1426 | D:2      | Reached skill level 1 in Short Blades
  1724 | D:2      | Reached XP level 4. HP: 18/40 MP: 2/4
  2151 | D:2      | Found a runed translucent door.
  2152 | D:2      | Noticed Crazy Yiuf
  2221 | D:2      | HP: 1/40 [Crazy Yiuf/+3 quarterstaff of chaos (5)]
  2221 | D:2      | Slain by Crazy Yiuf

Illustrated notes

Levels and vault maps discovered:
D:1:      zelgadis_glass_arrival_large, layout_basic
D:2:      layout_basic, ebering_ecumenical_altar_box, minivault_5,
          uniq_crazy_yiuf_cottage

Skill      XL: |  1  2  3  4 |
---------------+-------------+-----
Fighting       | 4 |  4.3
Short Blades   | 1 |  1.2
Armour         | 4 |  4.3
Axes           | |  2.9
Dodging        | |  0.8
Shields        | |  3.5

Action                   |  1- 3 |  4- 6 || total
-------------------------+-------+-------++-------
Melee: Dagger            |   154 |    53 ||   207
       War axe           |     7 |       ||     7
  Use: Scroll            |     4 |       ||     4
Armor: Scale mail        |    78 |    13 ||    91
Dodge: Dodged            |    92 |    29 ||   121
Block: Buckler           |    31 |    12 ||    43
